 Dungeon Crawl Stone Soup version 0.23.3-3-gaaff5abdbf (webtiles) character file.

Game seed: 2943763724900451846

46 MordorOrchid the Charmwright (level 3, -2/24 HPs)
             Began as an Octopode Skald on June 6, 2020.
             Slain by a gnoll
             ... wielding a +0 whip
              (8 damage)
             ... on level 2 of the Dungeon.
             The game lasted 00:03:30 (879 turns).

MordorOrchid the Charmwright (Octopode Skald)        Turns: 879, Time: 00:03:31

Health: -2/24      AC:  1    Str: 10    XL:     3   Next: 66%
Magic:  3/6        EV: 13    Int: 16    God:
Gold:   31         SH:  0    Dex: 11    Spells: 1/6 levels left

rFire    + . .     SeeInvis .   a - +0 falchion
rCold    . . .     Gourm    .   (no shield)
rNeg     . . .     Faith    .   (helmet restricted)
rPois    .         Spirit   .   (no amulet)
rElec    .         Reflect  .   j - ring of protection from fire
rCorr    .         Harm     .   (no ring)
MR       .....                  (no ring)
Stlth    +++.......             (no ring)
HPRegen  0.08/turn              (no ring)
MPRegen  0.10/turn              (no ring)
                                (no ring)
                                (no ring)

@: infused, singing
A: almost no armour, stealthy swim, amphibious, 8 rings, constrict 8, camouflage
1, gelatinous body 1
a: no special abilities


You were on level 2 of the Dungeon.
You were not hungry.

You visited 1 branch of the dungeon, and saw 2 of its levels.

You collected 31 gold pieces.

Inventory:

Hand Weapons
 a - a +0 falchion (weapon)
 y - a +0 short sword
Missiles
 d - 61 stones (quivered)
 i - 14 sling bullets
Jewellery
 j - a ring of protection from fire (left tentacle)
Scrolls
 e - a scroll of amnesia {unknown}
 g - a scroll of blinking {unknown}
Potions
 b - 2 potions of lignification {unknown}
 h - a potion of curing {unknown}
Comestibles
 c - 2 rations
 f - a chunk of flesh


   Skills:
 - Level 2.0 Fighting
 * Level 2.4 Long Blades
 * Level 2.7 Dodging
 * Level 2.2 Stealth
 * Level 2.3 Spellcasting
 - Level 3.1 Charms
 * Level 0.7 Translocations


You had one spell level left.
You knew the following spells:

 Your Spells              Type           Power        Failure   Level  Hunger
a - Infusion              Chrm           ##..         5%          1    #......
b - Song of Slaying       Chrm           ##......     9%          2    ###....
y - Shroud of Golubria    Chrm/Tloc      #.........   14%         2    ###....

Your spell library contained the following spells:

 Spells                   Type           Power        Failure   Level  Hunger
 Regeneration             Chrm/Necr      #.........   32%         3    ###....
 Spectral Weapon          Hex/Chrm       #.......     32%         3    ###....


Dungeon Overview and Level Annotations

Branches:
Dungeon (2/15)

Altars:


Innate Abilities, Weirdness & Mutations

You cannot wear most types of armour.
You are very stealthy in the water. (Stealth+)
You are amphibious.
You can wear up to eight rings at the same time.
You can use your tentacles to constrict eight enemies at once.
Your skin changes colour to match your surroundings (Stealth+).
Your rubbery body absorbs attacks. (AC +1, EV +1)


Message History

The gnoll hits you with a +0 whip.
You barely miss the gnoll. You constrict the gnoll.
A gnoll comes into view. It is wielding a +0 club.
The gnoll hits you with a +0 whip. The gnoll barely misses you.
You riposte.
You hit the gnoll but do no damage. You squeeze the gnoll.
The gnoll is heavily wounded.
You hit the gnoll. You squeeze the gnoll.
The gnoll is almost dead.
You constrict the gnoll.
You kill the gnoll!
The gnoll completely misses you.
Casting: Song of Slaying (safe; 9% risk of failure)
Confirm with . or Enter, or press ? or * to list all spells.
You begin infusing your attacks with magical energy.
The gnoll hits you from afar with a +2 halberd of freezing.
* * * LOW HITPOINT WARNING * * *
The gnoll freezes you.
* * * LOW HITPOINT WARNING * * *
The gnoll hits you with a +0 whip!
You die...

......#..#.......#
.......%.#.......# .
.....#.###.......####..
.......# #.###...#....#
........ #.# ##....#
....###.##.# #..###
.#.## #..#.####..#
....g.###.#..##...##
#gg@...#.##....#
.....####..........##
###...####..........####
#.......##..........
..######..............
.........#...........
.###.†..###..........
#.....†......#....
.######..####.#.#....


You could see 3 gnolls.

Vanquished Creatures
  A gnoll (D:2)
  An adder (D:2)
  A dart slug (D:2)
  4 goblins (D:1)
  2 hobgoblins (D:1)
  5 kobolds
  5 bats (D:1)
  A frilled lizard (D:1)
  6 rats
26 creatures vanquished.

Notes
Turn   | Place    | Note
-------+----------+-------------------------------------------
     0 | D:1      | MordorOrchid the Octopode Skald began the quest for the
                  | Orb.
     0 | D:1      | Reached XP level 1. HP: 14/14 MP: 3/3
   122 | D:1      | Reached XP level 2. HP: 12/19 MP: 5/5
   129 | D:1      | Learned a level 2 spell: Shroud of Golubria
   294 | D:1      | Reached skill level 1 in Stealth
   748 | D:1      | Learned a level 2 spell: Song of Slaying
   773 | D:2      | Reached XP level 3. HP: 24/24 MP: 2/6
   879 | D:2      | Slain by a gnoll

Skill      XL: |  1  2  3 |
---------------+----------+-----
Stealth        | 1 2 |  2.2
Fighting       | |  2.0
Long Blades    | |  2.4
Dodging        | |  2.7
Spellcasting   | |  2.3
Charms         | |  3.1
Translocations | |  0.7

Action                   || total
-------------------------++-------
Melee: Falchion          ||    38
       Constrict         ||     9
       Tentacles         ||     7
Throw: Stone             ||     1
 Cast: Infusion          ||    10
       Song of Slaying   ||     1
 Stab: Sleeping          ||     8
Armor: Skin              ||     6
Dodge: Dodged            ||    22
       Rpst.: Falchion   ||     6
